 Dungeon Crawl Stone Soup version 0.31-a0-854-g362426d53f (webtiles) character file.

Game seed: 14940873560076593362

28 Kurtz the Sneak (level 3, -7/34 HPs)
             Began as a Naga Delver on Oct 8, 2023.
             Mangled by a gnoll
             ... wielding a +0 halberd
              (9 damage)
             ... on level 2 of the Dungeon.
             The game lasted 00:00:58 (479 turns).

Kurtz the Sneak (Naga Delver)                        Turns: 479, Time: 00:00:58

Health: -7/34      AC:  6    Str: 14    XL:     3   Next: 12%
Magic:  3/3        EV:  1    Int: 10    God:
Gold:   40         SH:  0    Dex: 14    Spells: 2/2 levels left

rFire   . . .        a - +0 hand axe
rCold   . . .        (no shield)
rNeg    . . .        e - +0 plate armour
rPois   +            (no helmet)
rElec   .            (no cloak)
rCorr   .            (no gloves)
SInv    +            (no barding)
Will    .....        (no amulet) Stlth
                     (no ring)
HPRegen 0.25/turn    (no ring)
MPRegen 0.08/turn

%: no passive effects
@: very slow
A: AC +1, large, see invisible, deformed body, poison resistance, slowness 2,
spit poison 1, naga tail 1
a: Spit Poison


You were on level 2 of the Dungeon.
You visited 1 branch of the dungeon, and saw 4 of its levels.

You collected 40 gold pieces.

Inventory:

Hand Weapons
 a - a +0 hand axe (weapon)
Armour
 b - a +0 leather armour
 e - a +0 plate armour (worn)
 i - a +0 scale mail
Wands
 g - a wand of digging (3)
Scrolls
 c - a scroll of fog
 d - 2 scrolls of revelation
 h - a scroll of summoning {unknown}
 j - a scroll of vulnerability {unknown}
 l - a scroll of silence {unknown}
 m - a scroll of identify {unknown}
Potions
 f - a potion of haste
 k - a potion of attraction {unknown}


   Skills:
 - Level 3.0 Fighting
 * Level 3.5 Axes
 - Level 1.5 Dodging
 - Level 7.2 Stealth


You had 2 spell levels left.
You didn't know any spells.
Your spell library was empty.

Dungeon Overview and Level Annotations

Branches:
Dungeon (5/15)
 Temple: D:4-7

Altars:

Annotations:
D:3 exclusion: phantom


Innate Abilities, Weirdness & Mutations

Your serpentine skin is tough. (AC +1)
You have supernaturally acute eyesight. (SInv)
Armour fits poorly on your strangely shaped body.
Your system is resistant to poisons. (rPois)
You cover ground very slowly.
You can spit poison.
You have a snake-like lower body.


Message History

l - a scroll labelled HUW CYPRALIOSM No target in view!
m - a scroll labelled METHRU JA JEN No target in view!
Found a whip.
No target in view!
No target in view!
No target in view!
A gnoll comes into view. It is wielding a +0 halberd.
The gnoll shouts!
A gnoll is nearby! 2 gnolls come into view.
The gnoll shouts! x2
You hit the gnoll.
The gnoll is lightly wounded.
The gnoll hits you but does no damage.
You hit the gnoll.
The gnoll is moderately wounded.
The gnoll hits you but does no damage. The gnoll hits you with a +0 club.
You hit the gnoll.
The gnoll is severely wounded.
The gnoll hits you from afar with a +0 halberd.
The gnoll barely misses you.
You hit the gnoll.
The gnoll is almost dead.
You closely miss the gnoll. The gnoll hits you but does no damage.
The gnoll hits you with a +0 flail! The gnoll barely misses you.
You hit the gnoll but do no damage.
The gnoll is almost dead.
You hit the gnoll but do no damage. The gnoll barely misses you.
The gnoll hits you with a +0 flail!
* * * LOW HITPOINT WARNING * * *
The gnoll hits you with a +0 club.
* * * LOW HITPOINT WARNING * * *
You hit the gnoll.
The gnoll is heavily wounded.
You closely miss the gnoll. The gnoll hits you with a +0 club.
* * * LOW HITPOINT WARNING * * *
The gnoll hits you from afar with a +0 halberd!
You die...

#...........#
.##...........#
.##.......)...#
#####.##...........##
#.....##............. .
#.....##...........## ..#
#...g.##............# ....
#...g.##............#
.....#####@g##.........⌠..#
.............########......
.............# #.......
....).#......# #.#..#.#
..... #......# #.#.[#.#
.... #......# #.#..#.# ...
#......#######.#..# ..
#..............#..# .
#......############


You could see 3 gnolls.

Vanquished Creatures
  2 adders
  A dart slug (D:3)
  An orc (D:4)
  An endoplasm (D:2)
  A goblin (D:3)
  A kobold (D:4)
7 creatures vanquished.

Notes
Turn   | Place    | Note
-------+----------+-------------------------------------------
     0 | D:5      | Kurtz the Naga Delver began the quest for the Orb.
     0 | D:5      | Reached XP level 1. HP: 21/21 MP: 1/1
   135 | D:3      | Noticed a phantom
   188 | D:4      | Reached XP level 2. HP: 19/28 MP: 2/2
   420 | D:2      | Reached XP level 3. HP: 27/34 MP: 3/3
   479 | D:2      | Mangled by a gnoll

Illustrated notes

Levels and vault maps discovered:
D:2:      layout_basic, solitary_fountain
D:3:      layout_rooms, cheibrodos_ashenzari_chains
D:4:      layout_gridville, serial_shops, nicolae_shop_hallway_plus
D:5:      layout_cave_pods, gammafunk_temple_overflow_wave

Skill      XL: |  1  2 |
---------------+-------+-----
Axes           | 3 |  3.5
Fighting       | |  3.0
Dodging        | |  1.5
Stealth        | |  7.2

Action                     || total
---------------------------++-------
  Melee: Hand axe          ||    25
Ability: Spit Poison       ||     1
    Use: Scroll            ||     1
   Stab: Sleeping          ||     1
 Armour: Scale mail        ||    11
         Plate armour      ||    21
  Dodge: Dodged            ||     8

Table legend: (Time is in decaauts)
 A = Elapsed time spent in this place.
 B = Non-inter-level travel time spent in this place.
 C = Inter-level travel time spent in this place.
 D = Time resting spent in this place.
 E = Time spent auto-exploring this place.
 F = Levels seen in this place.
 G = Mean time per level.
                   A        B        C        D        E       F      G
               +--------+--------+--------+--------+--------+-----+--------+
         Total |    610 |    545 |     65 |     47 |    323 |   4 |  152.5 |
       Dungeon |    610 |    545 |     65 |     47 |    323 |   4 |  152.5 |
               +--------+--------+--------+--------+--------+-----+--------+

Top non-repeatable levels by time:
     D:2: 299 daAuts
     D:3: 113 daAuts
     D:5: 110 daAuts
     D:4: 87 daAuts
